cohdb
Replays
Latest Replays
All Replays
Popular Replays
Top Player Replays
Match Explorer
How It Works
Community
CoH3 Stats
Reddit
Sign in to upload your games and track your stats! →
Sign in with Steam
Match 39737993
Unlisted
Match 39737993
Overview
Messages
Build Orders
End
Engineer Squad
Construct Weapon Support Center
Selects Heavy Weapons
M1919 Machine Gun Team
Construct Barracks
Riflemen Squad
Riflemen Squad
Grenade Package
M1 Mortar Team
Selects M2HB .50cal Heavy Machine Gun
Selects Assault Carriers
Air Support Center
Engineer Squad
M1918 Browning Automatic Rifles
M3 Assault Carrier
Double Sortie
P-47 Dive Bomb
Grasshopper Recon Run
Construct Motor Pool
P-47 Strafing Run
Grasshopper Recon Run
.Mercury-uK
rich_2k3
Cr6como-
mr_ako
Nuclear Viking
Q7PoloRalph_Trendsetter
0
0
Comments
sign in to comment!
No comments posted yet!